 Dungeon Crawl Stone Soup version 0.30-a0-1035-g38d5fb2972 (webtiles) character file.

Game seed: 7787543281221334083

64 MacCMillion the Shooter (level 3, 0/29 HPs)
             Began as a Demigod Hunter on Apr 8, 2023.
             Succumbed to an adder's poison
             ... on level 1 of the Dungeon.
             The game lasted 00:01:50 (978 turns).

MacCMillion the Shooter (Demigod Hunter)             Turns: 978, Time: 00:01:51

Health: 0/29       AC:  3    Str: 12    XL:     3   Next: 64%
Magic:  5/5        EV: 12    Int: 11    God:
Gold:   99         SH:  0    Dex: 21    Spells: 2/2 levels left

rFire   . . .      SeeInvis .    a - +0 shortbow
rCold   . . .      Faith    .    (shield currently unavailable)
rNeg    . . .      Spirit   .    c - +0 leather armour
rPois   .          Reflect  .    (no helmet)
rElec   .          Rampage  .    (no cloak)
rCorr   .                        (no gloves)
Will    .....                    (no boots)
Stlth   ++                       (no amulet)
HPRegen 0.24/turn                (no ring)
MPRegen 0.09/turn                (no ring)

@: mighty, lethally poisoned (0 -> -3)
A: high MP 1, forlorn, divine attributes
a: no special abilities


You were on level 1 of the Dungeon.
You visited 1 branch of the dungeon, and saw 2 of its levels.

You collected 99 gold pieces.

Inventory:

Hand Weapons
 a - a +0 shortbow (weapon)
Armour
 c - a +0 leather armour (worn)
Jewellery
 e - a ring of protection from fire
Scrolls
 b - a scroll of immolation
 d - a scroll of blinking {unknown}
 g - 5 scrolls of identify {unknown}
Potions
 h - a potion of might


   Skills:
 - Level 1.7 Fighting
 + Level 4.7 Ranged Weapons
 - Level 1.7 Dodging
 - Level 2.0 Stealth


You had 2 spell levels left.
You didn't know any spells.
Your spell library was empty.

Dungeon Overview and Level Annotations

Branches:
Dungeon (2/15)


Innate Abilities, Weirdness & Mutations

You have an increased reservoir of magic. (+10% MP)
You shall have no god before yourself.
Your divine heritage dramatically boosts your attributes as you level up.


Message History

You shoot an arrow. The arrow closely misses the adder.
You feel sick. The adder bites you but does no damage.
Unknown command.
Fire: a) +0 shortbow
Press: ? - help, Q - select action Shift-Dir - straight line, f/p - adder
Aim: an adder (almost dead, 48% to hit)
You shoot an arrow.
The arrow hits the adder but does no damage.
The adder is almost dead.
You feel sick. The adder barely misses you. The adder closely misses you.
Unknown command.
Fire: a) +0 shortbow
Press: ? - help, Q - select action Shift-Dir - straight line, f/p - adder
Aim: an adder (almost dead, 48% to hit)
You shoot an arrow. The arrow misses the adder.
You feel sick. The adder bites you.
* * * LOW HITPOINT WARNING * * *
You are lethally poisoned!
The adder poisons you!
Fire: a) +0 shortbow
Press: ? - help, Q - select action Shift-Dir - straight line, f/p - adder
Aim: an adder (almost dead, 48% to hit)
You shoot an arrow. The arrow hits the adder.
You kill the adder!
* * * LOW HITPOINT WARNING * * *
You feel sick.
Unknown command.
It was a potion of might.
You feel very mighty all of a sudden.
* * * LOW HITPOINT WARNING * * *
You feel sick.
It was a potion of magic.
Magic courses through your body.
* * * LOW HITPOINT WARNING * * *
You feel sick.
There is a lethal amount of poison in your body!
* * * LOW HITPOINT WARNING * * *
You feel sick.
Unknown command.
Okay, then.
You die...

....##....#......#####.#....#
....##....#............#.####
....#.....#..[.............#
..........+.......######.#.#
....#.....##'###'## #.#.#
#...#.....#...#...# #.#.#
....#.....#...#.>.# #.#.#
..........#...#...# #.#.#
....#...#.#.<.#.@†# #.#.#
..........#...#...# #.#.#
###.#.....#...#.>.# #.#.#
....)..#.##...#...# ###.#.#
...#......##+###+#####...#.#
...#......#..###.........#.#
...#.##..........###.###...#
...#......######.........###
####
.........######..........#
#...


There were no monsters in sight!

Vanquished Creatures
  A gnoll (D:1)
  2 adders
  4 dart slugs (D:1)
  2 bats (D:1)
  4 endoplasms (D:1)
  A giant cockroach (D:2)
  4 goblins (D:1)
  2 hobgoblins (D:2)
  2 ball pythons (D:1)
  4 kobolds
  4 rats
30 creatures vanquished.

Notes
Turn   | Place    | Note
-------+----------+-------------------------------------------
     0 | D:1      | MacCMillion the Demigod Hunter began the quest for the Orb.
     0 | D:1      | Reached XP level 1. HP: 17/17 MP: 3/3
    48 | D:1      | Reached skill level 1 in Stealth
   226 | D:1      | Reached XP level 2. HP: 24/24 MP: 4/4
   251 | D:1      | Reached skill level 4 in Ranged Weapons
   397 | D:1      | Reached XP level 3. HP: 29/29 MP: 5/5
   976 | D:1      | HP: 1/29 [poisoned by an adder]
   978 | D:1      | Succumbed to an adder's poison

Illustrated notes

Levels and vault maps discovered:
D:1:      minmay_arrival_up_and_down, layout_basic
D:2:      layout_loops_ring, shapermc_ecumenical_altar_venn, basic_altar,
          palyth_stone_intersect, uniq_sigmund

Skill      XL: |  1  2 |
---------------+-------+-----
Stealth        | 1 2 |  2.0
Ranged Weapons | 4 |  4.7
Fighting       | |  1.7
Dodging        | |  1.7

Action                     || total
---------------------------++-------
   Fire: Shortbow          ||    93
    Use: Potion            ||     2
 Armour: Leather armour    ||     5
  Dodge: Dodged            ||    19

Table legend: (Time is in decaauts)
 A = Elapsed time spent in this place.
 B = Non-inter-level travel time spent in this place.
 C = Inter-level travel time spent in this place.
 D = Time resting spent in this place.
 E = Time spent auto-exploring this place.
 F = Levels seen in this place.
 G = Mean time per level.
                   A        B        C        D        E       F      G
               +--------+--------+--------+--------+--------+-----+--------+
         Total |   1009 |    963 |     46 |    149 |    597 |   2 |  504.5 |
       Dungeon |   1009 |    963 |     46 |    149 |    597 |   2 |  504.5 |
               +--------+--------+--------+--------+--------+-----+--------+

Top non-repeatable levels by time:
     D:1: 819 daAuts
     D:2: 189 daAuts
